 Dungeon Crawl Stone Soup version 0.28-a0-500-g121bc3e445 (webtiles) character file.

Game seed: 10690228573234735611

423 speeev33 the Vandal (level 6, -1/79 HPs)
             Began as a Minotaur Hunter on Sept 19, 2021.
             Slain by a mummy (9 damage)
             ... in an ossuary.
             The game lasted 00:08:39 (3254 turns).

speeev33 the Vandal (Minotaur Hunter)               Turns: 3254, Time: 00:08:40

Health: -1/79      AC:  9    Str: 18    XL:     6   Next: 63%
Magic:  5/5        EV: 10    Int:  8    God:
Gold:   75         SH:  0    Dex: 11    Spells: 5/5 levels left

rFire   . . .      SeeInvis .   a - +1 hunting sling
rCold   . . .      Faith    .   (no shield)
rNeg    . . .      Spirit   .   h - +0 scale mail
rPois   .          Reflect  .   (helmet restricted)
rElec   .          Harm     .   (no cloak)
rCorr   .          Rampage  .   (no gloves)
Will    .....                   g - +1 pair of boots
Stlth   ..........              (no amulet)
HPRegen 0.23/turn               (no ring)
MPRegen 0.09/turn               (no ring)

@: berserking, marked, very quick
A: horns 2, retaliatory headbutt
a: no special abilities


You were in an ossuary.
You visited 1 branch of the dungeon, and saw 4 of its levels.
You also visited: Ossuary.

You collected 75 gold pieces.

Inventory:

Hand Weapons
 a - a +1 hunting sling (weapon)
 b - a +0 short sword
Missiles
 e - 88 stones (quivered ammo)
Armour
 c - a +0 leather armour
 g - a +1 pair of boots (worn)
 h - a +0 scale mail (worn)
Jewellery
 k - a ring of willpower
Scrolls
 i - a scroll of identify
Potions
 j - a potion of resistance
 m - a potion of heal wounds {unknown}
 n - 2 potions of flight {unknown}


   Skills:
 + Level 4.7 Fighting
 * Level 7.0 Slings
 + Level 3.8 Armour
 - Level 2.1 Dodging
 - Level 0.7 Stealth


You had 5 spell levels left.
You didn't know any spells.
Your spell library contained the following spells:

 Spells                   Type           Power      Damage    Failure   Level
 Sting                    Tmut/Pois      0%         1d3       80%         1
 Corpse Rot               Necr/Air       N/A        N/A       90%         2
 Poisonous Vapours        Pois/Air       0%         N/A       90%         2
 Olgreb's Toxic Radiance  Pois           0%         N/A       100%        4


Dungeon Overview and Level Annotations

Branches:
Dungeon (4/15)            Ossuary (1/1)
 Temple: D:4-7

Altars:
Makhleb

Shops:
D:4 [=


Innate Abilities, Weirdness & Mutations

You have a pair of horns on your head.
You reflexively headbutt those who attack you in melee.


Message History

The mummy is moderately damaged.
The hobgoblin zombie barely misses you. The hobgoblin zombie misses you.
Fire: 2 sling bullets
Press: ? - help, Q - select action, (/) - cycle Shift-Dir - straight line, f/p - mummy
Aim: a mummy (moderately damaged, 77% to hit)
You shoot a sling bullet. The sling bullet hits the mummy.
The mummy is heavily damaged.
The goblin zombie hits you but does no damage.
The mummy misses you. The hobgoblin zombie hits you.
* * * LOW HITPOINT WARNING * * *
The hobgoblin zombie barely misses you. You furiously retaliate!
You headbutt the hobgoblin zombie.
Fire: sling bullet
Press: ? - help, Q - select action, (/) - cycle Shift-Dir - straight line, f/p - mummy
Aim: a mummy (heavily damaged, 77% to hit)
You shoot a sling bullet. The sling bullet hits the mummy!
The mummy is severely damaged.
The goblin zombie hits you but does no damage.
Fire: 90 stones
Press: ? - help, Q - select action Shift-Dir - straight line, f/p - mummy
Aim: a mummy (severely damaged, 77% to hit)
You shoot a stone.
The stone hits the mummy but does no damage.
The mummy is severely damaged.
The mummy hits you but does no damage.
The hobgoblin zombie hits you but does no damage.
The hobgoblin zombie misses you. The goblin zombie barely misses you.
You furiously retaliate!
You headbutt the goblin zombie.
Fire: 89 stones
Press: ? - help, Q - select action Shift-Dir - straight line, f/p - mummy
Aim: a mummy (severely damaged, 77% to hit)
You shoot a stone. The stone barely misses the mummy.
The hobgoblin zombie hits you but does no damage.
Unknown command.
It was a potion of berserk rage.
A red film seems to cover your vision as you go berserk!
You feel yourself moving faster!
You feel mighty!
The hobgoblin zombie hits you but does no damage.
The mummy hits you!
You die...

####################
#...................
#.....Z.............
#........8(.8.......
#..(..ZZ.ZM.........
#(.Z######(.######..
#.MZ# #(.# #.. #(Z@#
#.(# #..
#.Z.#.####.Z####.#..
#...#.....(Z(..Z.#..
#...#.....(.####.#..
#...#.......# #..
#...#.......# #..
#...#.....∩.# #..
#...####+.... #..
#...# #...# #..


You could see a mummy, a goblin zombie, 2 hobgoblin zombies and a human zombie.

Vanquished Creatures
  2 elf zombies (Ossuary)
  A centaur zombie (Ossuary)
  An iguana (D:3)
  Natasha (D:3)
  A mummy (Ossuary)
  Robin (D:3)
  3 gnolls (D:3)
  4 adders
  4 worms (D:2)
  A dart slug (D:1)
  An orc (D:3)
  3 endoplasms (D:1)
  3 giant cockroaches
  11 goblins
  8 hobgoblins
  7 jackals
  3 quokkas
  8 ball pythons
  9 bats
  4 frilled lizards
  A goblin zombie (Ossuary)
  3 hobgoblin zombies (Ossuary)
  10 kobolds
  10 kobold zombies (Ossuary)
  10 orc zombies (Ossuary)
  7 rats
117 creatures vanquished.

Vanquished Creatures (others)
  14 plants (D:2)
14 creatures vanquished.

Grand Total: 131 creatures vanquished

Notes
Turn   | Place    | Note
-------+----------+-------------------------------------------
     0 | D:1      | speeev33 the Minotaur Hunter began the quest for the Orb.
     0 | D:1      | Reached XP level 1. HP: 18/18 MP: 0/0
   354 | D:1      | Reached XP level 2. HP: 25/25 MP: 1/1
   464 | D:1      | Reached skill level 1 in Armour
   636 | D:1      | Found a faded altar of an unknown god.
   745 | D:1      | Reached skill level 5 in Slings
   749 | D:1      | Reached XP level 3. HP: 28/31 MP: 2/2
  1391 | D:2      | Found a burning altar of Makhleb.
  1397 | D:2      | Reached XP level 4. HP: 38/38 MP: 3/3
  2107 | D:3      | Noticed Natasha
  2112 | D:3      | Killed Natasha
  2157 | D:3      | Noticed Robin
  2169 | D:3      | Killed Robin
  2176 | D:3      | Reached XP level 5. HP: 26/46 MP: 4/4
  2571 | D:3      | Reached skill level 6 in Slings
  2964 | D:4      | Found Cado's Antique Armour Boutique.
  2970 | D:4      | Upgraded the game from 0.28-a0-494-ge2d2658822 to
                  | 0.28-a0-500-g121bc3e445
  2970 | D:4      | Found a sand-covered staircase.
  2977 | D:4      | Found Poufoum's Jewellery Shop.
  2980 | Ossuary  | Entered an ossuary
  3237 | Ossuary  | Reached XP level 6. HP: 21/53 MP: 5/5
  3248 | Ossuary  | Reached skill level 7 in Slings
  3254 | Ossuary  | Slain by a mummy

Illustrated notes

Levels and vault maps discovered:
D:1:      evilmike_arrival_rings, layout_loops_ring,
          shapermc_ecumenical_altar_mp_ritualfount
D:2:      layout_basic, basic_altar, lexackson_kobold_supper
D:3:      layout_basic, uniq_robin, uniq_natasha
D:4:      layout_gridville, enter_ossuary_3, serial_shops, nicolae_diamond_shop,
          nicolae_stop_n_shop_2, kennysheep_little_box, shop,
          nicolae_shop_overgrown_old_shop, uniq_blork_the_orc
Ossuary:  ossuary_tomb_1

Skill      XL: |  1  2  3  4  5  6 |
---------------+-------------------+-----
Armour         | 1 2 3 |  3.8
Fighting       | 3 4 |  4.7
Slings         | 5 6 7 |  7.0
Dodging        | |  2.1
Stealth        | |  0.7

Action                   |  1- 3 |  4- 6 || total
-------------------------+-------+-------++-------
 Fire: Hunting sling     |   152 |   239 ||   391
  Use: Scroll            |     2 |     5 ||     7
       Potion            |       |     1 ||     1
Armor: Leather armour    |     8 |       ||     8
       Scale mail        |    23 |    79 ||   102
Dodge: Dodged            |    30 |    74 ||   104

Table legend: (Time is in decaauts)
 A = Elapsed time spent in this place.
 B = Non-inter-level travel time spent in this place.
 C = Inter-level travel time spent in this place.
 D = Time resting spent in this place.
 E = Time spent auto-exploring this place.
 F = Levels seen in this place.
 G = Mean time per level.
                   A        B        C        D        E       F      G
               +--------+--------+--------+--------+--------+-----+--------+
         Total |   3222 |   3122 |    100 |      0 |   2397 |   5 |  644.4 |
       Dungeon |   2961 |   2861 |    100 |      0 |   2355 |   4 |  740.2 |
       Ossuary |    261 |    261 |      0 |      0 |     42 |   1 |  261.0 |
               +--------+--------+--------+--------+--------+-----+--------+

Top non-repeatable levels by time:
     D:2: 1007 daAuts
     D:3: 1002 daAuts
     D:1: 935 daAuts
 Ossuary: 261 daAuts
     D:4: 15 daAuts
